Map: Cryptic Fortress

Players

Garracula

  • Race: Protoss Protoss
  • Spawn Location: 9:00

Edicted

  • Race: Zerg Zerg
  • League: Silver
  • Spawn Location: 12:00

HiImJohn

  • Race: Terran Terran
  • Spawn Location: 12:00

BlackWing

  • Race: Protoss Protoss
  • Spawn Location: 3:00

Yorchitos - Winner!

  • Race: Protoss Protoss
  • Spawn Location: 6:00

KotoriMinami - Winner!

  • Race: Terran Terran
  • League: Silver
  • Spawn Location: 5:00

azntnr - Winner!

  • Race: Zerg Zerg
  • Spawn Location: 6:00

juhyg - Winner!

  • Race: Zerg Zerg
  • Spawn Location: 7:00

VOD

Have the link to the VOD?

Description

Time

  • Played on: Nov. 21, 2015, 12:09 a.m.
  • Length: 11:55
Show
View Real Time Build Order
Export as new Build Order

Garracula Protoss 

Build Orders:  

Get SALT Encoding   

  12  0:15  Pylon  
  12  0:30  Probe (Chrono Boost)  
  13  0:41  Probe (Chrono Boost)  
  14  0:48  Pylon  
  14  0:51  Probe (Chrono Boost)  
  15  1:02  Probe (Chrono Boost)  
  16  1:12  Probe (Chrono Boost)  
  16  1:14  Forge  
  17  1:21  Gateway  
  17  1:27  Pylon  
  17  1:37  Probe (Chrono Boost)  
  18  1:42  Pylon  
  18  1:47  Probe (Chrono Boost)  
  19  1:58  Probe (Chrono Boost), Photon Cannon  
  19  2:01  Photon Cannon  
  21  2:08  Probe (Chrono Boost)  
  21  2:11  Photon Cannon  
  21  2:19  Probe (Chrono Boost)  
  22  2:29  Photon Cannon x2  
  22  2:39  Photon Cannon  
  22  2:45  Photon Cannon  
  22  3:31  Nexus  
  22  4:53  Assimilator  
  22  4:58  Assimilator  
  22  5:16  Pylon  
  22  5:17  Pylon  
  22  5:19  Cybernetics Core  
  22  5:25  Probe (Chrono Boost)  
  23  5:38  Photon Cannon  
  23  5:40  Photon Cannon  
  23  5:44  Photon Cannon  
  23  6:11  Nexus  
  23  6:21  Assimilator  
  23  6:25  Assimilator  
  23  6:36  Stargate  
  23  6:43  Stargate  
  23  6:56  Probe (Chrono Boost)  
  24  7:07  Probe (Chrono Boost)  
  25  7:17  Probe (Chrono Boost)  
  26  7:23  Void Ray  
  26  7:28  Probe (Chrono Boost)  
  31  7:33  Void Ray (Chrono Boost)  
  35  7:38  Probe (Chrono Boost)  
  36  8:06  Void Ray (Chrono Boost)  
  40  8:16  Void Ray (Chrono Boost), Probe  
  45  8:21  Probe  
  46  8:28  Probe  
  46  8:33  Probe  
  48  8:36  Pylon  
  48  8:37  Pylon  
  48  8:39  Pylon  
  48  8:40  Probe  
  49  8:42  Pylon  
  49  8:44  Pylon  
  49  8:45  Void Ray (Chrono Boost), Probe  
  49  8:46  Pylon  
  54  8:53  Void Ray (Chrono Boost), Probe  
  59  8:58  Probe  
  60  9:05  Probe  
  61  9:10  Probe  
  62  9:22  Void Ray (Chrono Boost)  
  66  9:30  Void Ray (Chrono Boost)  
Show
View Real Time Build Order
Export as new Build Order

Edicted Zerg 

Build Orders:  

Get SALT Encoding   

Show
View Real Time Build Order
Export as new Build Order

HiImJohn Terran 

Build Orders: Command Center First (CC), Mech 

Get SALT Encoding   

  12  0:02  SCV  
  13  0:14  SCV  
  14  0:26  SCV  
  15  0:53  Supply Depot x2  
  15  1:06  Engineering Bay  
  15  1:23  Command Center  
  15  1:28  Barracks  
  15  1:40  Barracks  
  15  1:43  SCV  
  16  1:55  SCV  
  17  2:07  SCV  
  18  2:09  Refinery  
  18  2:15  Refinery  
  18  2:16  Marine  
  18  2:19  SCV  
  20  2:31  Marine  
  20  2:32  SCV  
  20  2:34  Marine  
  23  2:48  Marine  
  23  2:49  Orbital Command  
  24  2:52  Marine  
  25  3:06  Refinery, Marine  
  25  3:09  Refinery  
  26  3:17  SCV  
  27  3:26  Orbital Command  
  27  3:29  SCV  
  28  3:41  SCV  
  29  3:52  SCV  
  29  3:53  SCV  
  31  4:03  Factory  
  31  4:04  SCV  
  31  4:05  SCV  
  33  4:10  Factory  
  33  4:16  SCV  
  34  4:17  SCV  
  35  4:24  Factory  
  35  4:28  SCV  
  35  4:30  SCV  
  37  4:40  SCV  
  37  4:42  SCV  
  39  4:48  Factory  
  39  4:49  Factory Tech Lab  
  39  4:52  SCV  
  40  4:54  SCV  
  40  4:55  Factory Tech Lab  
  41  5:04  SCV  
  41  5:06  SCV  
  43  5:10  Supply Depot  
  43  5:11  Siege Tank  
  43  5:13  Factory Tech Lab  
  46  5:16  Siege Tank, SCV  
  46  5:20  Supply Depot  
  50  5:21  SCV  
  51  5:29  SCV  
  51  5:32  Siege Tank  
  51  5:33  Factory Reactor, SCV  
  56  5:40  Supply Depot  
  56  5:41  SCV  
  57  5:45  Starport  
  48  6:19  Missile Turret  
  48  6:20  Missile Turret  
  48  6:21  Missile Turret  
  48  6:27  Viking  
  38  6:46  SCV  
  34  6:57  Viking  
  34  6:58  SCV  
  34  7:00  SCV  
  64  7:27  Viking  
  29  7:57  Viking  
Show
View Real Time Build Order
Export as new Build Order

BlackWing Protoss 

Build Orders: Nexus First 

Get SALT Encoding   

  12  0:04  Probe (Chrono Boost)  
  13  0:14  Probe (Chrono Boost)  
  14  0:25  Probe (Chrono Boost)  
  15  0:49  Nexus  
  15  1:03  Pylon  
  15  1:21  Probe (Chrono Boost)  
  16  1:25  Gateway  
  16  1:32  Probe (Chrono Boost)  
  17  1:36  Assimilator  
  17  1:40  Assimilator  
  17  1:42  Probe (Chrono Boost)  
  18  1:52  Pylon  
  18  1:53  Probe (Chrono Boost)  
  19  2:03  Probe (Chrono Boost)  
  20  2:14  Probe (Chrono Boost)  
  21  2:17  Cybernetics Core  
  21  2:24  Pylon, Probe (Chrono Boost)  
  22  2:35  Probe (Chrono Boost)  
  22  2:36  Probe (Chrono Boost)  
  24  2:46  Probe (Chrono Boost)  
  25  2:57  Probe (Chrono Boost)  
  26  3:11  Mothership Core (Chrono Boost)  
  28  3:35  Stargate  
  28  3:39  Stargate  
  28  3:53  Stargate  
  28  3:58  Pylon  
  29  4:17  Probe (Chrono Boost)  
  29  4:23  Assimilator  
  29  4:26  Assimilator  
  29  4:27  Probe (Chrono Boost)  
  29  4:30  Void Ray  
  34  4:38  Probe (Chrono Boost)  
  35  4:41  Void Ray  
  39  4:48  Probe (Chrono Boost)  
  40  4:59  Void Ray, Probe (Chrono Boost)  
  45  5:10  Pylon, Probe (Chrono Boost)  
  46  5:14  Void Ray, Pylon  
  46  5:20  Probe (Chrono Boost)  
  51  5:31  Probe (Chrono Boost)  
  51  5:32  Nexus  
  52  5:37  Void Ray  
  52  5:41  Probe (Chrono Boost)  
  52  5:52  Probe (Chrono Boost)  
  50  6:02  Probe (Chrono Boost)  
  47  6:05  Robotics Facility  
  21  6:48  Phoenix x3  
  15  7:14  Probe (Chrono Boost)  
  8  7:24  Probe (Chrono Boost)  
  7  7:35  Probe (Chrono Boost)  
  5  7:46  Probe (Chrono Boost)  
  6  7:56  Probe (Chrono Boost)  
Show
View Real Time Build Order
Export as new Build Order

Yorchitos Protoss - Winner!

Build Orders:  

Get SALT Encoding   

  12  0:11  Probe (Chrono Boost)  
  13  0:21  Probe (Chrono Boost)  
  13  0:27  Pylon  
  14  0:32  Probe (Chrono Boost)  
  15  0:45  Probe (Chrono Boost)  
  15  0:49  Forge  
  16  1:09  Pylon  
  16  1:12  Probe (Chrono Boost)  
  17  1:23  Probe (Chrono Boost)  
  18  1:42  Photon Cannon  
  18  2:01  Photon Cannon  
  18  2:11  Photon Cannon  
  18  2:12  Photon Cannon  
  18  2:16  Pylon  
  18  2:18  Pylon  
  18  2:21  Photon Cannon  
  18  2:25  Photon Cannon  
  18  2:47  Photon Cannon  
  18  2:48  Photon Cannon  
  18  2:50  Photon Cannon  
  18  3:10  Photon Cannon  
  18  3:12  Photon Cannon  
  18  3:27  Photon Cannon  
  18  3:29  Pylon  
  18  3:41  Photon Cannon  
  18  3:46  Photon Cannon  
  18  3:55  Pylon  
  18  4:16  Pylon  
  18  4:23  Gateway  
  18  4:27  Probe (Chrono Boost)  
  19  4:36  Assimilator  
  19  4:37  Probe (Chrono Boost)  
  20  4:40  Assimilator  
  20  4:48  Probe (Chrono Boost)  
  21  4:56  Photon Cannon  
  21  4:58  Probe (Chrono Boost)  
  22  5:09  Probe (Chrono Boost)  
  23  5:19  Probe (Chrono Boost)  
  24  5:22  Cybernetics Core  
  24  5:26  Zealot  
  26  5:35  Photon Cannon  
  26  5:47  Photon Cannon  
  26  5:53  Zealot  
  28  6:18  Pylon  
  28  6:44  Nexus  
  28  6:46  Assimilator  
  28  6:51  Robotics Facility, Assimilator  
  28  6:54  Robotics Facility  
  28  7:04  Robotics Facility  
  28  7:34  Nexus  
  28  7:37  Assimilator, Probe (Chrono Boost)  
  29  7:42  Assimilator  
  29  7:47  Probe (Chrono Boost)  
  30  7:58  Probe (Chrono Boost)  
  31  7:59  Robotics Bay  
  31  8:13  Photon Cannon  
  31  8:19  Photon Cannon  
  31  8:33  Probe (Chrono Boost)  
  32  8:37  Probe (Chrono Boost)  
  33  8:44  Probe (Chrono Boost)  
  33  8:48  Disruptor  
  34  8:54  Probe (Chrono Boost)  
  38  9:05  Probe (Chrono Boost)  
  39  9:14  Disruptor  
  39  9:15  Probe (Chrono Boost)  
  43  9:22  Probe (Chrono Boost)  
  44  9:26  Probe (Chrono Boost)  
  45  9:33  Probe (Chrono Boost)  
  45  9:35  Probe (Chrono Boost)  
  45  9:36  Probe (Chrono Boost)  
  48  9:43  Probe (Chrono Boost)  
  50  9:45  Probe (Chrono Boost)  
  50  9:47  Probe (Chrono Boost)  
  51  9:54  Probe (Chrono Boost)  
  51  9:56  Probe (Chrono Boost)  
  52  10:04  Probe (Chrono Boost)  
  52  10:07  Probe (Chrono Boost)  
  60  10:15  Probe (Chrono Boost)  
  60  10:17  Probe (Chrono Boost)  
Show
View Real Time Build Order
Export as new Build Order

KotoriMinami Terran - Winner!

Build Orders: Banshee Rush 

Get SALT Encoding   

  12  0:03  SCV  
  13  0:15  SCV  
  13  0:18  Supply Depot  
  14  0:27  SCV  
  15  0:40  SCV  
  16  0:43  Barracks  
  16  0:47  Refinery  
  16  0:52  SCV  
  17  1:04  SCV  
  18  1:18  SCV  
  19  1:33  Marine  
  20  1:40  Command Center  
  20  1:41  Orbital Command  
  20  1:50  Supply Depot  
  20  1:54  Marine  
  21  2:06  SCV  
  22  2:12  Factory  
  22  2:15  Refinery  
  22  2:22  SCV  
  23  2:34  SCV  
  24  2:44  Marine  
  24  2:46  SCV  
  26  2:51  Orbital Command  
  26  2:58  Factory Tech Lab  
  26  3:00  Starport  
  26  3:06  Engineering Bay, SCV  
  27  3:14  Marine  
  28  3:21  SCV x2  
  30  3:33  SCV x2  
  32  3:44  Banshee  
  32  3:45  Supply Depot, Cloaking Field, SCV x2  
  37  3:49  Widow Mine  
  37  3:54  Missile Turret  
  39  3:56  Missile Turret  
  39  3:57  SCV  
  40  4:18  SCV  
  40  4:19  SCV  
  42  4:27  Supply Depot  
  42  4:28  Banshee  
  42  4:31  SCV  
  46  4:32  Widow Mine  
  48  4:41  SCV  
  48  4:43  SCV  
  50  4:46  Supply Depot  
  50  4:51  Starport  
  50  4:52  Starport  
  50  5:01  Command Center  
  50  5:05  Widow Mine  
  52  5:09  SCV x2  
  52  5:13  Refinery x2  
  54  5:21  SCV  
  55  5:31  Armory  
  55  5:32  Starport Reactor x2  
  55  6:21  Viking x4  
  55  6:22  Banshee  
  66  6:35  Terran Ship Weapons Level 1  
  66  6:41  Armory  
  66  6:43  Supply Depot  
  66  6:46  Supply Depot  
  66  7:07  Viking x2  
  66  7:08  Viking  
  69  7:37  SCV  
  69  7:38  SCV  
  71  7:48  Supply Depot  
  71  7:49  Terran Vehicle And Ship Armor Level 1, Supply Depot, SCV  
  71  7:50  Banshee, SCV  
  76  7:52  Viking x2  
  80  8:04  SCV x2  
  83  8:09  Planetary Fortress  
  82  8:13  Refinery  
  82  8:18  Refinery  
  82  8:26  Supply Depot  
  82  8:27  Supply Depot  
  82  8:28  Supply Depot  
  82  8:32  Missile Turret  
  82  8:49  Terran Ship Weapons Level 2  
  82  8:50  Fusion Core  
  82  8:51  Command Center  
  82  8:55  Supply Depot  
  82  8:56  Hi-Sec Auto Tracking  
  82  8:57  Supply Depot  
  82  8:58  Liberator x2  
  82  9:03  SCV x3  
  85  9:15  SCV  
  92  9:17  Banshee  
  95  9:28  Liberator x2  
  95  9:52  Advanced Ballistics  
  101  9:58  SCV x3  
  104  10:07  Supply Depot  
  104  10:08  Supply Depot, Planetary Fortress  
  104  10:10  SCV x2  
  104  10:11  Supply Depot  
  104  10:13  Missile Turret  
  106  10:20  Liberator  
  106  10:21  Liberator  
  106  10:40  Behemoth Reactor  
  112  10:46  SCV x2  
  112  10:47  SCV x2  
  116  10:51  Refinery  
  116  10:58  SCV  
  116  10:59  SCV x2  
  119  11:08  Viking x2  
  123  11:18  Refinery  
  127  11:41  SCV x2  
Show
View Real Time Build Order
Export as new Build Order

azntnr Zerg - Winner!

Build Orders: Hatch First 

Get SALT Encoding   

  12  0:03  Drone  
  13  0:10  Drone  
  14  0:22  Overlord  
  14  0:41  Drone  
  14  0:42  Drone x2  
  17  0:57  Drone  
  18  1:03  Hatchery  
  17  1:06  Drone  
  18  1:15  Spawning Pool  
  17  1:19  Drone  
  17  1:22  Extractor  
  17  1:36  Drone  
  18  1:42  Overlord  
  18  1:48  Drone  
  19  2:01  Drone  
  20  2:02  Queen  
  22  2:08  Drone  
  23  2:15  Drone  
  23  2:16  Queen  
  27  2:22  Drone  
  27  2:27  Extractor  
  26  2:31  Drone  
  26  2:34  Drone  
  28  2:39  Lair  
  28  2:48  Drone  
  28  2:51  Extractor  
  28  2:54  Extractor  
  28  2:56  Overlord  
  27  3:00  Drone x2  
  29  3:13  Drone x4  
  33  3:20  Drone x2  
  33  3:21  Drone  
  33  3:25  Overlord  
  36  3:27  Drone  
  36  3:28  Drone x2  
  36  3:32  Drone  
  40  3:45  Drone x2, Overlord  
  42  3:49  Overlord  
  42  3:58  Spire  
  41  4:10  Drone x2  
  41  4:11  Drone x3  
  46  4:31  Drone x3  
  48  4:32  Overlord  
  49  4:47  Hatchery  
  49  4:52  Extractor  
  47  4:57  Extractor  
  47  4:58  Drone  
  47  4:59  Drone x2  
  49  5:11  Mutalisk x2  
  49  5:12  Mutalisk x6  
  65  5:15  Zerg Flyer Weapons Level 1  
  65  5:16  Mutalisk x2  
  69  5:24  Spore Crawler  
  68  5:52  Mutalisk x4  
  68  5:54  Overlord  
  68  5:56  Overlord x3  
  66  7:14  Mutalisk x4  
  66  7:15  Mutalisk x2  
  78  7:17  Mutalisk x2  
  78  7:18  Mutalisk x2  
  78  7:21  Drone x3  
  85  7:48  Zerg Flyer Weapons Level 2  
  85  7:51  Mutalisk x3  
  91  8:00  Drone x3  
  91  8:02  Queen  
  96  8:13  Metabolic Boost  
  96  8:20  Evolution Chamber  
  95  8:27  Evolution Chamber, Overlord x2  
  95  8:28  Overlord x4  
  95  8:30  Pneumatized Carapace  
  95  8:32  Burrow  
  94  8:45  Spore Crawler  
  94  8:47  Drone x2  
  95  8:49  Overlord x2, Mutalisk x2  
  95  8:50  Mutalisk x3  
  95  8:54  Zerg Melee Weapons Level 1  
  95  8:55  Zerg Ground Armor Level 1  
  105  9:02  Infestation Pit  
  104  9:41  Hive  
  104  10:07  Mutalisk x7  
  104  10:08  Mutalisk  
  120  10:54  Mutalisk x3  
  120  10:55  Mutalisk x4  
  134  10:59  Zergling x10  
  134  11:00  Zergling x2  
  134  11:03  Zergling x12  
  146  11:11  Overlord x2  
  144  11:34  Zergling x8  
  144  11:38  Zergling x4  
  153  11:42  Hatchery  
Show
View Real Time Build Order
Export as new Build Order

juhyg Zerg - Winner!

Build Orders: Pool First, Lurkers 

Get SALT Encoding   

  12  0:24  Overlord  
  12  0:34  Spawning Pool  
  11  0:52  Drone x3  
  14  1:09  Drone  
  15  1:29  Queen  
  15  1:31  Overlord  
  17  1:37  Hatchery  
  16  1:53  Drone x3  
  19  1:56  Extractor  
  18  2:02  Extractor  
  17  2:26  Drone x3  
  20  2:45  Lair  
  20  2:48  Overlord  
  20  2:52  Drone  
  20  2:53  Drone x2  
  23  3:07  Drone x3  
  26  3:13  Queen  
  28  3:37  Drone x2  
  28  3:38  Drone x5  
  28  3:39  Drone x2  
  37  3:48  Hydralisk Den  
  36  3:51  Extractor  
  36  3:53  Extractor  
  34  4:07  Drone  
  34  4:08  Drone x3  
  38  4:21  Hydralisk  
  38  4:22  Hydralisk x2  
  44  4:27  Overlord x2  
  44  4:46  Hydralisk x2  
  44  4:47  Hydralisk x2  
  44  4:50  Hydralisk  
  54  4:55  Hydralisk  
  54  4:59  Drone  
  58  5:00  Drone  
  58  5:01  Drone  
  59  5:28  Hatchery  
  58  5:41  Hydralisk  
  60  5:45  Overlord x2  
  60  5:46  Overlord x2  
  60  6:15  Hydralisk x5  
  60  6:16  Hydralisk x3  
  60  6:18  Drone  
  77  6:20  Drone  
  78  6:27  Muscular Augments  
  78  6:36  Evolution Chamber  
  77  6:43  Infestation Pit  
  76  6:48  Drone x6  
  76  6:49  Drone  
  83  6:55  Queen  
  85  7:07  Zerg Missile Weapons Level 1  
  85  7:18  Overlord x2  
  85  7:19  Overlord x2  
  85  7:22  Drone x2  
  87  7:23  Drone x3  
  87  7:28  Overlord  
  90  7:38  Lurker Den  
  90  7:43  Hive  
  90  7:44  Hydralisk  
  90  7:46  Drone x2  
  94  8:08  Hatchery  
  93  8:28  Hydralisk x2  
  93  8:29  Hydralisk x5  
  93  8:30  Hydralisk x6  
  93  8:32  Hydralisk  
  121  8:41  Queen  
  123  8:57  Hydralisk x4  
  123  8:58  Hydralisk x2  
  123  9:01  Zerg Ground Armor Level 1  
  135  9:08  Lurker x2  
  135  9:09  Lurker  
  138  9:12  Overlord x2  
  138  9:13  Overlord x2  
  138  9:30  Lurker x3  
  138  9:31  Lurker x3  
  144  9:35  Overlord x5  
  144  9:53  Hydralisk  
  144  9:54  Hydralisk x4  
  144  9:56  Zergling x4  
  144  9:57  Zergling x8  
  144  9:58  Zergling x2  
  161  10:05  Lurker  
  153  10:54  Lurker x3  
  153  10:55  Lurker x2  
  156  11:16  Hydralisk x4  
  156  11:17  Hydralisk  
  156  11:18  Zergling x12  
  170  11:19  Zergling x12  
  170  11:20  Zergling x2  
Tags
 
Add a new tag
Caveats
  • Supply blocks, unpowered buildings, or Contaminate may cause inaccurate times.
  • Supply counts are checked every 10 seconds.